 Dungeon Sprint DCSS version 0.31-a0-187-gba352fbbf7 (webtiles) character file.

Game seed: 11951846507874827275

112 rocky1 the Grasshopper (level 4, 0/39 HPs)
             Began as a Gnoll Warper on June 23, 2023.
             Slain by a shadow (4 damage)
             ... in the Dungeon (Sprint III: "The Ten Rune Challenge").
             The game lasted 00:02:09 (834 turns).

rocky1 the Grasshopper (Gnoll Warper)                Turns: 834, Time: 00:02:10

Health: 0/39       AC:  3    Str: 10    XL:     4   Next: 93%
Magic:  12/12      EV: 14    Int: 12    God:
Gold:   24         SH:  4    Dex: 16    Spells: 13/15 levels left

rFire   . . .        a - +0 falchion
rCold   . . .        (no shield)
rNeg    . . .        b - +0 leather armour
rPois   .            (no helmet)
rElec   .            (no cloak)
rCorr   .            (no gloves)
SInv    .            (no boots)
Will    .....        (no amulet)
Stlth   +++          (no ring)
HPRegen 0.26/turn    (no ring)
MPRegen 0.13/turn

%: no teleportation
@: no status effects
A: fangs 1, strong nose, distributed training, large bone plates 1, thin
skeletal structure 1
a: no special abilities


You were in the Dungeon.
You visited 1 branch You collected 24 gold pieces.

Inventory:

Hand Weapons
 a - a +0 falchion (weapon)
Missiles
 d - 4 boomerangs of dispersal (quivered)
Armour
 b - a +0 leather armour (worn)
Scrolls
 c - 2 scrolls of blinking
 k - 2 scrolls of immolation {unknown}
 l - 3 scrolls of identify
Potions
 e - a potion of curing
 g - 2 potions of haste
 h - 2 potions of magic
 j - a potion of resistance {unknown}
 m - a potion of degeneration {unknown}
 n - a potion of enlightenment {unknown}
 o - a potion of mutation


   Skills:
 + Level 5.6 Fighting
 + Level 3.2 Short Blades
 + Level 5.6 Long Blades
 + Level 3.2 Axes
 + Level 3.2 Maces & Flails
 + Level 3.2 Polearms
 + Level 3.2 Staves
 + Level 3.2 Ranged Weapons
 + Level 4.1 Throwing
 + Level 4.1 Armour
 + Level 5.6 Dodging
 + Level 3.2 Stealth
 + Level 3.2 Shields
 + Level 3.2 Unarmed Combat
 + Level 6.0 Spellcasting
 + Level 2.6 Conjurations
 + Level 2.6 Hexes
 + Level 2.6 Summonings
 + Level 2.6 Necromancy
 + Level 6.1 Translocations
 + Level 2.6 Transmutations
 + Level 2.6 Fire Magic
 + Level 2.6 Ice Magic
 + Level 2.6 Air Magic
 + Level 2.6 Earth Magic
 + Level 2.6 Poison Magic
 + Level 3.5 Invocations
 + Level 3.2 Evocations


You had 13 spell levels left.
You knew the following spells:

 Your Spells              Type           Power      Damage    Failure   Level
a - Blink                 Tloc           36%        N/A       3%          2

Your spell library contained the following spells:

 Spells                   Type           Power      Damage    Failure   Level
 Lesser Beckoning         Tloc           36%        N/A       3%          2
 Teleport Other           Tloc           18%        N/A       6%          3
 Vhi's Electric Charge    Tloc/Air       28%        N/A       12%         3
 Manifold Assault         Tloc           18%        N/A       19%         4


Dungeon Overview and Level Annotations

Branches:
Dungeon (1/1)

Altars:


Innate Abilities, Weirdness & Mutations

You have very sharp teeth.
Your uncanny sense of smell can sniff out nearby items.
Your experience applies equally to all skills.
You are partially covered in large bone plates. (SH +4)
You have a somewhat thin skeletal structure. (Dex +2, Stealth+)


Message History

Your Stealth skill increases to level 3!
Your Shields skill increases to level 3!
Your Unarmed Combat skill increases to level 3!
Your Spellcasting skill increases to level 6!
Your Translocations skill increases to level 6!
Your Evocations skill increases to level 3!
Unknown command.
A shadow comes into view.
The shadow slips into darkness.
The shadow flickers and vanishes!
Deactivating autopickup; reactivate with Ctrl-A.
There is an open door here.
Something is blocking the doorway!
The shadow strikes at you from the darkness!
Ouch! That really hurt!
Reactivating autopickup.
You hit the shadow.
The shadow is moderately damaged.
The shadow slips into darkness.
The shadow flickers and vanishes!
Deactivating autopickup; reactivate with Ctrl-A.
You feel much better.
The shadow strikes at you from the darkness!
Ouch! That really hurt!
Reactivating autopickup.
You hit the shadow.
The shadow is moderately damaged.
The shadow hits you.
* * * LOW HITPOINT WARNING * * *
You closely miss the shadow.
The shadow is moderately damaged.
The shadow hits you.
* * * LOW HITPOINT WARNING * * *
You barely miss the shadow.
The shadow is moderately damaged.
The shadow completely misses you.
You hit the shadow.
The shadow is moderately damaged.
The shadow hits you.
You die...

▓ ▓▓▓ ♣♣ ♣.# ∆∆ .♣
♣♣.# ∆ ∆ ∆ ∆ ♣♣ ♣..#∆
∆ ∆
♣♣♣♣..###+#+###+##∆
♣..♣..#..........#∆
~♣..♣.'.⌠.......@#∆∆∆
∆∆
~~~...#...######W#∆
∆∆ ~~....#.⌠.# #...#
~.....#...#∆ #...#
......#+### #...#
......# ∆∆ #...+
......# +...# ▓▓▓▓▓▓▓
▓▓▓▓▓


You could see a shadow.

Vanquished Creatures
  A water elemental (D)
  A jelly (D)
  A human (D)
  A phantom (D)
  An endoplasm (D)
  3 rats (D)
8 creatures vanquished.

Notes
Turn   | Place    | Note
-------+----------+-------------------------------------------
     0 | D        | rocky1 the Gnoll Warper began the quest for the Orb.
     0 | D        | Reached XP level 1. HP: 20/20 MP: 6/6
    29 | D        | Reached skill level 5 in Spellcasting
    59 | D        | Reached skill level 1 in Short Blades
    59 | D        | Reached skill level 1 in Axes
    59 | D        | Reached skill level 1 in Maces & Flails
    59 | D        | Reached skill level 1 in Polearms
    59 | D        | Reached skill level 1 in Staves
    59 | D        | Reached skill level 1 in Ranged Weapons
    59 | D        | Reached skill level 1 in Stealth
    59 | D        | Reached skill level 1 in Shields
    59 | D        | Reached skill level 1 in Unarmed Combat
    59 | D        | Reached skill level 1 in Invocations
    59 | D        | Reached skill level 1 in Evocations
    59 | D        | Reached XP level 2. HP: 20/26 MP: 8/8
   224 | D        | Gained mutation: You occasionally shout uncontrollably at
                  | your foes. [potion of mutation]
   224 | D        | Gained mutation: You are clumsy. (Dex -2) [potion of
                  | mutation]
   224 | D        | Gained mutation: You have supernaturally acute eyesight.
                  | (SInv) [potion of mutation]
   225 | D        | Lost mutation: You occasionally shout uncontrollably at
                  | your foes. [potion of mutation]
   225 | D        | Lost mutation: You are clumsy. (Dex -2) [potion of
                  | mutation]
   225 | D        | Lost mutation: You have supernaturally acute eyesight.
                  | (SInv) [potion of mutation]
   225 | D        | Gained mutation: You are partially covered in iridescent
                  | scales. (AC +2) [potion of mutation]
   225 | D        | Gained mutation: You occasionally lose the ability to drink
                  | potions when taking damage. [potion of mutation]
   226 | D        | Lost mutation: You occasionally lose the ability to drink
                  | potions when taking damage. [potion of mutation]
   226 | D        | Lost mutation: You are partially covered in iridescent
                  | scales. (AC +2) [potion of mutation]
   226 | D        | Gained mutation: You have a somewhat thin skeletal
                  | structure. (Dex +2, Stealth+) [potion of mutation]
   226 | D        | Gained mutation: You are agile. (Dex +4, Str/Int -1)
                  | [potion of mutation]
   226 | D        | Lost mutation: You are agile. (Dex +4, Str/Int -1) [potion
                  | of mutation]
   226 | D        | Gained mutation: You are partially covered in large bone
                  | plates. (SH +4) [potion of mutation]
   367 | D        | Reached skill level 1 in Conjurations
   367 | D        | Reached skill level 1 in Hexes
   367 | D        | Reached skill level 1 in Summonings
   367 | D        | Reached skill level 1 in Necromancy
   367 | D        | Reached skill level 1 in Transmutations
   367 | D        | Reached skill level 1 in Fire Magic
   367 | D        | Reached skill level 1 in Ice Magic
   367 | D        | Reached skill level 1 in Air Magic
   367 | D        | Reached skill level 1 in Earth Magic
   367 | D        | Reached skill level 1 in Poison Magic
   367 | D        | Reached XP level 3. HP: 24/32 MP: 9/9
   563 | D        | Learned a level 2 spell: Blink
   564 | D        | Noticed a water elemental
   573 | D        | HP: 2/48 [drowned by a water elemental (5)]
   574 | D        | Killed a water elemental
   575 | D        | Reached skill level 5 in Fighting
   575 | D        | Reached skill level 5 in Long Blades
   575 | D        | Reached skill level 5 in Dodging
   575 | D        | Reached XP level 4. HP: 3/39 MP: 9/11
   826 | D        | Noticed a shadow
   834 | D        | Slain by a shadow

Illustrated notes

Levels and vault maps discovered:
D:        dungeon_sprint_mu [sprint_mu_entry_forest, sprint_mu_temple_rooms,
          sprint_mu_d1_spiders, sprint_mu_d2_genie, sprint_mu_d3_branching,
          sprint_mu_orc_legion, sprint_mu_elf_gauntlet, sprint_mu_hive_nellie,
          sprint_mu_lair_fedhas, sprint_mu_vaults_butterflies,
          sprint_mu_slime_circle, sprint_mu_shoals_kraken,
          sprint_mu_snake_twists, sprint_mu_blade_basic,
          sprint_mu_crypt_chambers, sprint_mu_tomb_spiral,
          sprint_mu_vestibule_basic, sprint_mu_gehenna_hellfire,
          sprint_mu_dis_giant, sprint_mu_tartarus_statrot,
          sprint_mu_cocytus_islands, sprint_mu_zot1]

Skill      XL: |  1  2  3  4 |
---------------+-------------+-----
Spellcasting   | 5 6 |  6.0
Short Blades   | 1 2 3 |  3.2
Axes           | 1 2 3 |  3.2
Maces & Flails | 1 2 3 |  3.2
Polearms       | 1 2 3 |  3.2
Staves         | 1 2 3 |  3.2
Ranged Weapons | 1 2 3 |  3.2
Stealth        | 1 2 3 |  3.2
Shields        | 1 2 3 |  3.2
Unarmed Combat | 1 2 3 |  3.2
Invocations    | 1 2 3 |  3.5
Evocations     | 1 2 3 |  3.2
Throwing       | 3 4 |  4.1
Armour         | 3 4 |  4.1
Conjurations   | 1 2 |  2.6
Hexes          | 1 2 |  2.6
Summonings     | 1 2 |  2.6
Necromancy     | 1 2 |  2.6
Transmutations | 1 2 |  2.6
Fire Magic     | 1 2 |  2.6
Ice Magic      | 1 2 |  2.6
Air Magic      | 1 2 |  2.6
Earth Magic    | 1 2 |  2.6
Poison Magic   | 1 2 |  2.6
Fighting       | 5 |  5.6
Long Blades    | 5 |  5.6
Dodging        | 5 |  5.6
Translocations | 6 |  6.1

Action                     |  1- 3 |  4- 6 || total
---------------------------+-------+-------++-------
  Melee: Falchion          |    32 |     8 ||    40
         Bite              |     4 |     1 ||     5
         Punch             |     2 |       ||     2
  Throw: Boomerang         |     3 |       ||     3
    Use: Potion            |     4 |     1 ||     5
 Armour: Leather armour    |     4 |     2 ||     6
  Dodge: Dodged            |    11 |     1 ||    12
  Block: Other             |     4 |       ||     4

Table legend: (Time is in decaauts)
 A = Elapsed time spent in this place.
 B = Non-inter-level travel time spent in this place.
 C = Inter-level travel time spent in this place.
 D = Time resting spent in this place.
 E = Time spent auto-exploring this place.
 F = Levels seen in this place.
 G = Mean time per level.
                   A        B        C        D        E       F      G
               +--------+--------+--------+--------+--------+-----+--------+
         Total |    842 |    842 |      0 |    691 |      0 |   1 |  842.0 |
       Dungeon |    842 |    842 |      0 |    691 |      0 |   1 |  842.0 |
               +--------+--------+--------+--------+--------+-----+--------+

Top non-repeatable levels by time:
       D: 842 daAuts
